 Dungeon Crawl Stone Soup version 0.31-a0-675-g238779eb0a (webtiles) character file.

Game seed: 13843976483783457638

59483 Joey1 the Warrior (level 14, 0/148 HPs)
             Began as a Minotaur Berserker on Sept 5, 2023.
             Was a High Priest of Trog.
             Slain by a deep troll (8 damage)
             ... on level 2 of the Orcish Mines.
             The game lasted 00:51:59 (16345 turns).

Joey1 the Warrior (Minotaur Berserker)             Turns: 16345, Time: 00:52:00

Health: 0/148      AC: 15    Str: 29    XL:     14   Next: 53%
Magic:  13/13      EV: 13    Int:  4    God:    Trog [*****.]
Gold:   1356       SH:  0    Dex:  9    Spells: 13/13 levels left

rFire   + . .        Q - +6 broad axe (protect)
rCold   . . .        (no shield)
rNeg    . . .        A - +3 ring mail {rF+}
rPois   +            t - +2 hat
rElec   +            g - +0 cloak
rCorr   +            y - +0 pair of gloves
SInv    .            l - +0 pair of boots
Will    ++++.        z - amulet of regeneration Stlth
                     q - ring of poison resistance
HPRegen 1.24/turn    e - ring "Dausaggo" {rElec Will+++ rCorr Str+3 Dex-2}
MPRegen 0.13/turn

%: no passive effects
@: marked, studying Polearms
A: horns 2, retaliatory headbutt
a: Renounce Religion, Berserk, Trog's Hand, Brothers in Arms


You were on level 2 of the Orcish Mines.
You worshipped Trog.
Trog was extremely pleased with you.
You visited 3 branches of the dungeon, and saw 19 of its levels.
You also visited: Sewer and Bailey.

You collected 1997 gold pieces.
You spent 641 gold pieces at shops.

Inventory:

Hand Weapons
 o - a +5 broad axe of flaming
 Q - a +6 broad axe of protection (weapon)
 R - the +11 hand axe of Salt {heavy, Str+2}
   (You found it on level 5 of the Lair of Beasts)

   Str+2:     It affects your strength (+2).
Missiles
 F - 11 curare-tipped darts
 I - 33 poisoned darts
 J - 2 throwing nets
 P - 23 boomerangs (quivered)
Armour
 g - a +0 cloak (worn)
 l - a +0 pair of boots (worn)
 t - a +2 hat (worn)
 y - a +0 pair of gloves (worn)
 A - a +3 ring mail of fire resistance (worn)
 C - a +0 plate armour
 S - a +1 ring mail of cold resistance
Jewellery
 c - a ring of ice
 e - the ring "Dausaggo" (right hand) {rElec Will+++ rCorr Str+3 Dex-2}
   (You bought it in a shop on level 5 of the Dungeon)

   [ring of resist corrosion]

   Str+3:     It affects your strength (+3).
   Dex-2:     It affects your dexterity (-2).
   rElec:     It insulates you from electricity.
   Will+++:   It greatly increases your willpower.
   rCorr:     It protects you from acid and corrosion.
 n - a +6 ring of strength
 p - a +6 ring of intelligence
 q - a ring of poison resistance (left hand)
 u - a ring of protection from fire
 z - an amulet of regeneration (around neck)
 X - a ring of ice
Wands
 a - a wand of digging (8)
 i - a wand of flame (42)
 G - a wand of mindburst (3)
 H - a wand of charming (31)
 L - a wand of roots (10)
 V - a wand of quicksilver (14)
Scrolls
 b - 2 scrolls of revelation
 d - 4 scrolls of teleportation
 f - 3 scrolls of butterflies
 h - 2 scrolls of fog
 k - 5 scrolls of fear
 m - 3 scrolls of enchant armour
 w - 6 scrolls of noise
 B - 3 scrolls of vulnerability
 K - 2 scrolls of blinking
 T - 3 scrolls of immolation
Potions
 j - a potion of mutation
 r - 6 potions of curing
 s - 3 potions of attraction
 v - 12 potions of degeneration
 x - 3 potions of might
 D - 9 potions of enlightenment
 E - 7 potions of heal wounds
 M - 3 potions of brilliance {unknown}
 N - a potion of cancellation {unknown}
 O - a potion of invisibility {unknown}
 U - a potion of berserk rage {unknown}
 W - 3 potions of ambrosia {unknown}
 Y - a potion of magic {unknown}
 Z - a potion of lignification {unknown}


   Skills:
 - Level 20.0 Fighting
 - Level 18.0 Axes
 + Level 5.5 Armour
 + Level 6.6 Dodging
 - Level 10.0 Evocations


You had 13 spell levels left.
You didn't know any spells.
Your spell library was empty.

Dungeon Overview and Level Annotations

Branches:
Dungeon (12/15)            Temple (0/1) D:5            Lair (5/5) D:10
  Swamp (0/4) Lair:2       Spider (0/4) Lair:2        Slime (0/5) Lair:5
    Orc (2/2) D:12          Sewer (visited)          Bailey (visited)
    Elf: Orc:2

Altars:
Ashenzari
Cheibriados
Elyvilon
Fedhas
Gozag
Makhleb
Nemelex Xobeh
Ru
Xom
Jiyva

Shops:
D:5 =   D:10 *   Orc:2 ?

Portals:
Trove: D:10 (give 16 potions of curing)

Annotations:
D:3 1 runed translucent door, Crazy Yiuf


Innate Abilities, Weirdness & Mutations

You have a pair of horns on your head.
You reflexively headbutt those who attack you in melee.


Message History

Unknown command.
You are too injured to fight recklessly!
Unknown command.
You are too injured to fight recklessly!
Unknown command.
You are too injured to fight recklessly!
Unknown command.
You are too injured to fight recklessly!
The ogre attacks as it pursues you! The ogre hits you with a +0 giant club.
The ogre attacks as it pursues you! The ogre misses you.
The deep troll attacks as it pursues you!
The deep troll bites you!
* * * LOW HITPOINT WARNING * * *
The deep troll claws you but does no damage. x2
The ogre mage casts a spell at the two-headed ogre.
The two-headed ogre seems to speed up.
The deep troll attacks as it pursues you!
The deep troll bites you!
* * * LOW HITPOINT WARNING * * *
The deep troll claws you but does no damage.
The deep troll claws you.
* * * LOW HITPOINT WARNING * * *
The ogre mage casts a spell.
The ogre mage flickers and vanishes!
Deactivating autopickup; reactivate with Ctrl-A.
The orc priest looks encouraged for a moment.
A troll comes into view.
There is a stone staircase leading up here.
The two-headed ogre misses you.
The two-headed ogre hits you with a +0 dire flail!
* * * LOW HITPOINT WARNING * * *
The orc priest invokes the aid of Beogh against you.
Beogh smites you!
* * * LOW HITPOINT WARNING * * *
The deep troll bites you.
* * * LOW HITPOINT WARNING * * *
The deep troll claws you.
* * * LOW HITPOINT WARNING * * *
The deep troll claws you!
You die...

## .## .. ### .#
####.##.##
##.#..T...#
##....OO@.##
##.#T..OO...#
#......TT...# .##
##.#.O......#
.....#..o.O.....##
#.)T.TT...#...
#...TO..........
#......O$.........
....O....$.......#..


You could see 3 two-headed ogres, a deep troll, 7 trolls, 5 ogres and an orc
priest.

Vanquished Creatures
  A hydra (Lair:5)
  An ogre mage (Orc:2)
  2 boulder beetles
  6 two-headed ogres
  5 death yaks
  The ghost of ytrimaz the Grappler, a novice TrSh of Ru (D:9)
  3 goliath frogs (Lair:5)
  An orc knight (Orc:1)
  A bog body (Lair:2)
  2 ugly things
  A cyclops (D:12)
  2 oklob plants (Lair:4)
  13 elephants
  2 black mambas
  A torpor snail (Lair:3)
  15 cane toads
  3 kobold demonologists (D:11)
  3 rime drakes
  12 komodo dragons
  2 polar bears (Lair:4)
  6 trolls
  2 tyrant leeches (Lair:5)
  7 hornets (Lair:2)
  30 blink frogs
  Sigmund (D:2)
  3 wyverns
  3 wraiths
  53 yaks
  A vampire (D:11)
  2 unseen horror simulacra (D:9)
  2 basilisks
  5 vampire mosquitoes
  2 steam dragons
  14 water moccasins
  2 acid dragons
  Duvessa (D:5)
  13 orc warriors
  A swamp drake (D:12)
  3 ice beasts (D:9)
  A sky beast (D:8)
  3 black bears
  16 wolves
  10 ogres
  A phantom (D:5)
  4 kobold brigands
  A gnoll sergeant (D:11)
  15 bullfrogs
  5 scorpions
  9 wights
  Dowan (D:5)
  7 killer bees
  3 howler monkeys
  7 electric eels (D:10)
  A wyvern simulacrum (D:9)
  A hound (D:6)
  2 gnoll boudas
  7 jellies
  6 orc priests
  A sleepcap (D:3)
  Jessica (D:2)
  2 iguanas
  11 orc wizards
  A centaur simulacrum (D:9)
  Robin (D:3)
  6 adders
  20 gnolls
  2 river rats (Sewer)
  2 white imps
  A howler monkey simulacrum (D:9)
  An ufetubus (D:4)
  3 dart slugs
  A worm (D:3)
  32 orcs
  4 bats
  10 endoplasms
  7 giant cockroaches
  22 goblins
  3 hobgoblins (D:3)
  7 jackals
  4 ball pythons
  2 frilled lizards
  33 kobolds
  11 rats
  A butterfly (Lair:3)
517 creatures vanquished.

Vanquished Creatures (collateral kills)
  A hydra (Lair:5)
  Sonja (D:11)
  An orc knight (Bailey)
  A cane toad (Lair:2)
  3 orc warriors (Bailey)
  A wolf (Lair:2)
  An orc (Bailey)
  A goblin (Bailey)
  A kobold (Bailey)
11 creatures vanquished.

Grand Total: 528 creatures vanquished

Notes
Turn   | Place    | Note
-------+----------+-------------------------------------------
     0 | D:1      | Joey1 the Minotaur Berserker began the quest for the Orb.
     0 | D:1      | Reached XP level 1. HP: 19/19 MP: 0/0
   143 | D:1      | HP: 1/20 [gnoll/+0 flail (10)]
   145 | D:1      | Reached XP level 2. HP: 2/27 MP: 1/1
   410 | D:1      | Reached skill level 4 in Fighting
   433 | D:1      | Found a faded altar of an unknown god.
   738 | D:1      | Reached XP level 3. HP: 33/33 MP: 2/2
   853 | D:2      | Noticed Jessica
   857 | D:2      | Killed Jessica
   980 | D:2      | Reached ** piety under Trog
  1067 | D:2      | Identified the +12 dagger of Bursted Punishment {protect,
                  | rF- rC+ Str+2}
  1192 | D:2      | Noticed Sigmund
  1200 | D:2      | Killed Sigmund
  1201 | D:2      | Reached skill level 5 in Fighting
  1201 | D:2      | Reached skill level 5 in Axes
  1201 | D:2      | Reached XP level 4. HP: 32/42 MP: 3/3
  1201 | D:2      | Reached XP level 5. HP: 37/48 MP: 4/4
  1997 | D:3      | Noticed Robin
  2007 | D:3      | Killed Robin
  2255 | D:3      | Reached XP level 6. HP: 51/56 MP: 5/5
  2643 | D:3      | Found a runed translucent door.
  2644 | D:3      | Noticed Crazy Yiuf
  3432 | D:4      | Found a glowing drain.
  3455 | D:4      | Reached *** piety under Trog
  3469 | Sewer    | Entered a sewer
  3475 | Sewer    | Reached skill level 5 in Dodging
  3573 | Sewer    | Found a white marble altar of Elyvilon.
  4199 | D:5      | Entered Level 5 of the Dungeon
  4218 | D:5      | Found Kiunles's One-of-a-Kind Rings.
  4229 | D:5      | Reached XP level 7. HP: 61/61 MP: 6/6
  4305 | D:5      | Noticed Dowan
  4306 | D:5      | Noticed Duvessa
  4312 | D:5      | Killed Duvessa
  4316 | D:5      | Killed Dowan
  4378 | D:5      | Noticed a steam dragon
  4391 | D:5      | Killed a steam dragon
  4479 | D:5      | Found a sparkling altar of Nemelex Xobeh.
  4574 | D:5      | Reached skill level 10 in Axes
  4574 | D:5      | Reached XP level 8. HP: 68/68 MP: 7/7
  4615 | D:5      | Found a staircase to the Ecumenical Temple.
  4950 | D:5      | Found a shimmering altar of Xom.
  4950 | D:5      | Found a snail-covered altar of Cheibriados.
  4950 | D:5      | Found a sacrificial altar of Ru.
  5039 | D:5      | Found an opulent altar of Gozag.
  5154 | D:6      | Found a broken altar of Ashenzari.
  5559 | D:7      | Found a flagged portal.
  5572 | Bailey   | Entered a bailey
  5579 | Bailey   | Noticed an orc knight
  5612 | Bailey   | Reached **** piety under Trog
  5743 | Bailey   | Reached XP level 9. HP: 74/74 MP: 8/8
  5763 | Bailey   | Killed an orc knight
  5765 | Bailey   | Reached skill level 6 in Fighting
  6084 | D:7      | Reached skill level 7 in Fighting
  6173 | D:7      | Found a burning altar of Makhleb.
  6273 | D:7      | Found a white marble altar of Elyvilon.
  6459 | D:8      | Reached skill level 8 in Fighting
  6746 | D:8      | Reached skill level 9 in Fighting
  6908 | D:8      | Reached XP level 10. HP: 88/93 MP: 9/9
  6946 | D:8      | Reached skill level 10 in Fighting
  7199 | D:9      | Reached skill level 1 in Evocations
  7228 | D:9      | Noticed ytrimaz's ghost (novice TrSh)
  7253 | D:9      | Reached ***** piety under Trog
  7526 | D:9      | Found a runed translucent gate.
  7526 | D:9      | Found a runed translucent gate.
  7526 | D:9      | Found a runed translucent gate.
  7736 | D:10     | Entered Level 10 of the Dungeon
  8144 | D:10     | Received a gift from Trog
  8272 | D:10     | Reached skill level 15 in Axes
  8375 | D:10     | Reached skill level 5 in Evocations
  8423 | D:10     | Found a portal to a secret trove of treasure.
  8595 | D:10     | Found Usouqeh's Profane Products.
  8705 | D:10     | Found a staircase to the Lair.
  8870 | D:5      | Bought the ring "Dausaggo" {rElec Will+++ rCorr Str+3
                  | Dex-2} for 641 gold pieces
  8991 | D:9      | Killed ytrimaz's ghost
  8992 | D:9      | Reached XP level 11. HP: 75/99 MP: 10/10
  9135 | Lair:1   | Entered Level 1 of the Lair of Beasts
 10102 | Lair:2   | Noticed a death yak
 10102 | Lair:2   | Noticed a death yak
 10102 | Lair:2   | Noticed a death yak
 10103 | Lair:2   | Noticed a death yak
 10114 | Lair:2   | Killed a death yak
 10118 | Lair:2   | Killed a death yak
 10120 | Lair:2   | Killed a death yak
 10123 | Lair:2   | Killed a death yak
 10206 | Lair:2   | Reached XP level 12. HP: 92/106 MP: 11/11
 10210 | Lair:2   | Paralysed by a hornet for 3 turns
 10237 | Lair:2   | Found a staircase to the Swamp.
 10485 | Lair:2   | Found a hole to the Spider Nest.
 10868 | Lair:3   | Identified the +4 long sword of Vudgh {heavy, rPois rF++
                  | rN+}
 10890 | Lair:3   | Reached skill level 10 in Evocations
 11048 | Lair:3   | Reached skill level 11 in Fighting
 11313 | Lair:3   | Reached skill level 12 in Fighting
 11788 | Lair:4   | Reached skill level 13 in Fighting
 11927 | Lair:4   | Reached skill level 14 in Fighting
 11927 | Lair:4   | Reached XP level 13. HP: 120/124 MP: 12/12
 11934 | Lair:4   | Received a gift from Trog
 12293 | Lair:4   | Found a blossoming altar of Fedhas.
 12435 | Lair:4   | Reached skill level 15 in Fighting
 12760 | Lair:5   | Entered Level 5 of the Lair of Beasts
 12813 | Lair:5   | Reached skill level 16 in Fighting
 12835 | Lair:5   | HP: 5/129 [vampire mosquito (4)]
 12972 | Lair:5   | Reached skill level 17 in Fighting
 13124 | Lair:5   | Received a gift from Trog
 13195 | Lair:5   | Reached skill level 18 in Fighting
 13395 | Lair:5   | Found a staircase to the Slime Pits.
 13395 | Lair:5   | Found a viscous altar of Jiyva.
 13549 | Lair:5   | Reached XP level 14. HP: 110/144 MP: 13/13
 13751 | Lair:5   | Identified the +11 hand axe of Salt {heavy, Str+2}
 13937 | Lair:5   | Reached skill level 19 in Fighting
 14786 | D:11     | Noticed Sonja
 14799 | D:11     | Killed Sonja
 15398 | D:12     | Reached skill level 20 in Fighting
 15399 | D:12     | Found a staircase to the Orcish Mines.
 16077 | Orc:1    | Entered Level 1 of the Orcish Mines
 16303 | Orc:2    | Entered Level 2 of the Orcish Mines
 16310 | Orc:2    | Received a gift from Trog
 16314 | Orc:2    | Reached skill level 5 in Armour
 16328 | Orc:2    | Found Qoviyd's Magic Scroll Emporium.
 16345 | Orc:2    | Slain by a deep troll

Illustrated notes

Levels and vault maps discovered:
D:1:      nagdon_arrival_zigzag_paths, layout_basic,
          dreamdust_ecumenical_altar_grove
D:2:      layout_basic, chequers_serial_rivers_micro_c,
          kennysheep_generic_room_12, uniq_sigmund, uniq_jessica
D:3:      layout_loops_ring, uniq_crazy_yiuf_cottage, uniq_robin
D:4:      nicolae_cairo_tiling, layout_gridville, gup_sewer_entry_glass,
          minmay_misc_feat_columns
D:5:      layout_cave_pods, gammafunk_temple_overflow_forgotten,
          general_overflow_altar, nemelex_dance_club_becter,
          minmay_temple_entry_large_hall, hangedman_abyss_or_decor_stagger,
          nicolae_shop_unique_rings, uniq_duvessa
D:6:      layout_cave_pools, cheibrodos_ashenzari_chains
D:7:      layout_cave_pools, mainiacjoe_overflow_tiny_flanked, bloody_makhleb,
          enter_bailey_2
D:8:      layout_basic, feat_on_display
D:9:      layout_cave_pools, gammafunk_ghost_icy
D:10:     layout_basic, lair_entry_dummy, enter_trove_3, nicolae_evil_shop
D:11:     layout_grid_maze, uniq_sonja
D:12:     layout_loops_ring, erik_orc_1
Lair:1:   layout_chaotic_city
Lair:2:   layout_regular_city, skrybe_swamp_entry_bodies,
          spider_nest_entry_web_field, dreamdust_wasp_nest
Lair:3:   layout_chaotic_city, lemuel_fruit_fields
Lair:4:   layout_cave_pods, hangedman_tree_tricks, st_stairs_12,
          cheibrodos_lair_caveside_slide, beast_lair_carwin_3
Lair:5:   minmay_lair_end_frog_pond, layout_regular_city,
          nicolae_slime_entry_slimehenge
Orc:1:    layout_caves
Orc:2:    st_orc_open, layout_caves

Skill      XL: |  1  2  3  4  5  6  7  8  9 10 11 12 13 14 |
---------------+-------------------------------------------+-----
Axes           | 4 5 7 10 13 14 15 17 18 | 18.0
Fighting       | 4 5 9 10 14 18 20 | 20.0
Armour         | 3 5 |  5.5
Dodging        | 4 5 6 |  6.6
Evocations     | 5 8 10 | 10.0

Action                     |  1- 3 |  4- 6 |  7- 9 | 10-12 | 13-15 || total
---------------------------+-------+-------+-------+-------+-------++-------
  Melee: Hand axe          |    46 |   117 |   104 |       |       ||   267
         Headbutt          |     5 |    29 |    44 |    80 |    98 ||   256
         Punch             |       |     1 |     4 |     2 |     3 ||    10
         War axe           |       |       |   139 |    71 |       ||   210
         Broad axe         |       |       |       |   374 |   467 ||   841
  Throw: Boomerang         |       |       |    11 |       |       ||    11
 Invoke: Berserk           |     1 |     1 |     2 |     2 |     2 ||     8
         Trog's Hand       |       |       |     1 |     1 |       ||     2
         Brothers in Arms  |       |       |     1 |     1 |     3 ||     5
    Use: Scroll            |       |       |     6 |    11 |     6 ||    23
   Stab: Distracted        |       |       |       |     1 |       ||     1
 Armour: Animal skin       |    14 |       |       |       |       ||    14
         Ring mail         |    14 |    88 |   119 |   410 |   376 ||  1007
  Dodge: Dodged            |    26 |    82 |   132 |   248 |   246 ||   734

Table legend: (Time is in decaauts)
 A = Elapsed time spent in this place.
 B = Non-inter-level travel time spent in this place.
 C = Inter-level travel time spent in this place.
 D = Time resting spent in this place.
 E = Time spent auto-exploring this place.
 F = Levels seen in this place.
 G = Mean time per level.
                   A        B        C        D        E       F      G
               +--------+--------+--------+--------+--------+-----+--------+
         Total |  16227 |  14911 |   1316 |    517 |  11386 |  21 |  772.7 |
       Dungeon |  10247 |   9223 |   1024 |    221 |   7358 |  12 |  853.9 |
          Lair |   5032 |   4759 |    273 |    277 |   3574 |   5 | 1006.4 |
  Orcish Mines |    259 |    241 |     18 |      0 |    188 |   2 |  129.5 |
         Sewer |    219 |    219 |      0 |      0 |    115 |   1 |  219.0 |
        Bailey |    468 |    468 |      0 |     18 |    150 |   1 |  468.0 |
               +--------+--------+--------+--------+--------+-----+--------+

Top non-repeatable levels by time:
  Lair:4: 1311 daAuts
  Lair:5: 1240 daAuts
     D:2: 1168 daAuts
    D:10: 1079 daAuts
     D:3: 1022 daAuts
     D:4: 995 daAuts
     D:5: 974 daAuts
  Lair:2: 943 daAuts
    D:11: 882 daAuts
    D:12: 879 daAuts
     D:1: 841 daAuts
     D:9: 792 daAuts
  Lair:3: 780 daAuts
  Lair:1: 757 daAuts
     D:8: 713 daAuts
